 Dungeon Crawl Stone Soup version 0.26-a0-52-gd53d4cd058 (webtiles) character file.

Game seed: 4811396691577752239

79 Hasart the Magician (level 4, 0/30 HPs)
             Began as a Demonspawn Wizard on June 6, 2020.
             Succumbed to an adder's poison
             ... on level 2 of the Dungeon.
             The game lasted 00:03:58 (1977 turns).

Hasart the Magician (Demonspawn Wizard)             Turns: 1977, Time: 00:03:59

Health: 0/30       AC:  5    Str:  7    XL:     4   Next: 17%
Magic:  2/9        EV: 12    Int: 21    God:
Gold:   88         SH:  5    Dex: 11    Spells: 5/10 levels left

rFire    . . .     SeeInvis .   f - +0 hand axe
rCold    . . .     Gourm    .   (no shield)
rNeg     . . .     Faith    .   a - +0 robe
rPois    .         Spirit   .   b - +0 hat
rElec    .         Reflect  +   (no cloak)
rCorr    .         Harm     .   (no gloves)
MR       .....                  e - +0 pair of boots
Stlth    ++........             j - amulet of reflection
HPRegen  0.10/turn              (no ring)
MPRegen  0.11/turn              (no ring)

@: lethally poisoned (0 -> -4)
A: iridescent scales 1
a: no special abilities


You were on level 2 of the Dungeon.
You were not hungry.

You visited 1 branch of the dungeon, and saw 2 of its levels.

You collected 88 gold pieces.

Inventory:

Hand Weapons
 f - a +0 hand axe (weapon)
Armour
 a - a +0 robe (worn)
 b - a +0 hat (worn)
 e - a +0 pair of boots (worn)
Jewellery
 j - an amulet of reflection (around neck)
 o - an uncursed ring of fire
Scrolls
 c - 5 scrolls of identify {unknown}
 g - a scroll of remove curse {unknown}
 h - a scroll of teleportation {unknown}
 p - a scroll of enchant weapon {unknown}
Potions
 i - a potion of curing {unknown}
 k - 2 potions of flight {unknown}
 l - 2 potions of lignification {unknown}
 m - a potion of haste {unknown}
Comestibles
 d - a ration
 n - 6 chunks of flesh


   Skills:
 + Level 2.5 Dodging
 - Level 1.7 Stealth
 + Level 3.5 Spellcasting
 * Level 2.9 Conjurations
 - Level 1.0 Summonings
 - Level 0.8 Translocations


You had 5 spell levels left.
You knew the following spells:

 Your Spells              Type           Power        Failure   Level  Hunger
a - Magic Dart            Conj           ###.         3%          1    None
b - Call Imp              Summ           #.......     13%         2    ##.....
c - Blink                 Tloc           N/A          14%         2    ##.....

Your spell library contained the following spells:

 Spells                   Type           Power        Failure   Level  Hunger
 Slow                     Hex            #.......     19%         2    ##.....
 Conjure Flame            Conj/Fire      #.......     21%         3    ###....
 Mephitic Cloud           Conj/Pois/Air  #.......     26%         3    ###....


Dungeon Overview and Level Annotations

Branches:
Dungeon (2/15)

Altars:


Innate Abilities, Weirdness & Mutations

You are partially covered in iridescent scales. (AC +2)


Message History

* * * LOW HITPOINT WARNING * * *
You feel sick.
Casting: Magic Dart (safe; 3% risk of failure)
Confirm with . or Enter, or press ? or * to list all spells.
You can't see any susceptible monsters within range! (Use Z to cast anyway.)
Casting: Magic Dart (safe; 3% risk of failure)
Confirm with . or Enter, or press ? or * to list all spells.
You can't see any susceptible monsters within range! (Use Z to cast anyway.)
Casting: Magic Dart (safe; 3% risk of failure)
Confirm with . or Enter, or press ? or * to list all spells.
You can't see any susceptible monsters within range! (Use Z to cast anyway.)
* * * LOW HITPOINT WARNING * * *
You feel sick.
* * * LOW HITPOINT WARNING * * *
You feel sick.
* * * LOW HITPOINT WARNING * * *
You feel sick.
* * * LOW HITPOINT WARNING * * *
You feel sick.
You die...

....# ....# ##
### ## ....+
#8###⌠###8# ....#
......... ......
....... ##..##
..... ......
#...# ### ..
##...## .# .
#8.@.8# . .#
##...## .. .#
#...##...# ... .#
#...##...## ....
.. #...#8...8#
..... ##
...##...##......
##.#............
##...............
#...)............


There were no monsters in sight!

Vanquished Creatures
  A gnoll (D:1)
  An adder (D:2)
  2 oozes
  5 dart slugs (D:1)
  A leopard gecko (D:1)
  3 ball pythons
  5 bats
  3 giant cockroaches
  3 hobgoblins (D:1)
  2 jackals (D:2)
  3 frilled lizards
  4 goblins
  4 kobolds
  4 rats
41 creatures vanquished.

Notes
Turn   | Place    | Note
-------+----------+-------------------------------------------
     0 | D:1      | Hasart the Demonspawn Wizard began the quest for the Orb.
     0 | D:1      | Reached XP level 1. HP: 13/13 MP: 4/4
   457 | D:1      | Gained mutation: You are partially covered in iridescent
                  | scales. (AC +2) [demonic ancestry]
   457 | D:1      | Reached XP level 2. HP: 16/19 MP: 0/6
   633 | D:1      | Learned a level 2 spell: Call Imp
   641 | D:1      | Learned a level 2 spell: Blink
   993 | D:1      | Reached XP level 3. HP: 24/24 MP: 4/7
  1951 | D:2      | Reached XP level 4. HP: 27/30 MP: 1/9
  1972 | D:2      | HP: 1/30 [poisoned by an adder]
  1977 | D:2      | Succumbed to an adder's poison

Illustrated notes

Levels and vault maps discovered:
D:1:      dpeg_arrival_radiant, layout_loops_cross, hex_tiny, minivault_25,
          chequers_mini_garden
D:2:      layout_basic, serial_corexii_hall, corexii_hall_statues_t,
          chequers_hall_statues_y, chequers_ecumenical_altar_grove

Skill      XL: |  1  2 |
---------------+-------+-----
Dodging        | 2 |  2.5
Conjurations   | 2 |  2.9
Stealth        | |  1.7
Spellcasting   | |  3.5
Summonings     | |  1.0
Translocations | |  0.8

Action                   |  1- 3 |  4- 6 || total
-------------------------+-------+-------++-------
Melee: Hand axe          |    20 |    12 ||    32
       Unarmed           |     1 |       ||     1
 Cast: Magic Dart        |    90 |     2 ||    92
  Eat: Chunk             |     3 |       ||     3
Armor: Robe              |    16 |    10 ||    26
Dodge: Dodged            |    26 |    14 ||    40
Block: Other             |    12 |     6 ||    18
       Reflection        |     1 |       ||     1

Table legend:
 A = Non-vault XP
 B = Vault XP
 C = Vault XP percentage of total XP
 D = Non-vault monster count
 E = Vault monster count
 F = Vault count percentage of total count
                 A         B        C        D         E       F
            +---------+---------+-------+---------+---------+-------
      Total |     114 |       0 |   0.0 |      41 |       0 |   0.0
            +---------+---------+-------+---------+---------+-------
        D:1 |      75 |       0 |   0.0 |      27 |       0 |   0.0
        D:2 |      39 |       0 |   0.0 |      14 |       0 |   0.0
            +---------+---------+-------+---------+---------+-------
